 Dungeon Crawl Stone Soup version 0.26.1-11-gd32895ea62 (webtiles) character file.

Game seed: 5268242109739587383

138 nothank2 the Skirmisher (level 5, 0/43 HPs)
             Began as a Formicid Fighter on July 14, 2021.
             Slain by an orc
             ... wielding a +0 short sword
              (3 damage)
             ... on level 3 of the Dungeon.
             The game lasted 00:04:02 (2375 turns).

nothank2 the Skirmisher (Formicid Fighter)          Turns: 2375, Time: 00:04:04

Health: 0/43       AC:  6    Str: 21    XL:     5   Next: 45%
Magic:  5/5        EV:  7    Int:  8    God:
Gold:   138        SH:  9    Dex: 10    Spells: 4/4 levels left

rFire    + . .     SeeInvis +   a - +0 long sword
rCold    . . .     Faith    .   c - +0 kite shield
rNeg     . . .     Spirit   .   b - +0 scale mail
rPois    .         Reflect  .   (helmet unavailable)
rElec    .         Harm     .   (no cloak)
rCorr    .         Rampage  .   (no gloves)
Will     .....                  (no boots)
Stlth    ..........             (no amulet)
HPRegen  0.14/turn              p - ring of protection from fire
MPRegen  0.09/turn              (no ring)

@: no status effects
A: permanent stasis, dig shafts and tunnels, four strong arms, antennae 3
a: Dig, Shaft Self


You were on level 3 of the Dungeon.
You visited 1 branch of the dungeon, and saw 3 of its levels.

You collected 138 gold pieces.

Inventory:

Hand Weapons
 a - a +0 long sword (weapon)
 k - a +3 whip of electrocution
Missiles
 l - 2 poisoned darts (quivered)
Armour
 b - a +0 scale mail (worn)
 c - a +0 kite shield (worn)
Jewellery
 p - a ring of protection from fire (left hand)
Scrolls
 e - 4 scrolls of remove curse {unknown}
 h - 2 scrolls of identify {unknown}
 i - a scroll of teleportation {unknown}
 j - a scroll of magic mapping {unknown}
 n - a scroll of enchant armour {unknown}
 o - a scroll of enchant weapon {unknown}
Potions
 d - a potion of might
 f - a potion of haste {unknown}
 g - a potion of attraction {unknown}
 m - a potion of lignification {unknown}


   Skills:
 + Level 4.4 Fighting
 * Level 4.4 Long Blades
 - Level 3.3 Armour
 - Level 3.6 Shields


You had 4 spell levels left.
You didn't know any spells.
Your spell library was empty.

Dungeon Overview and Level Annotations

Branches:
Dungeon (3/15)

Altars:
Gozag
Nemelex Xobeh
Zin


Innate Abilities, Weirdness & Mutations

You cannot be hasted, slowed, berserked, paralysed or teleported.
You can dig through walls and to a lower floor.
Your four strong arms can wield two-handed weapons with a shield.
You have a pair of large antennae on your head. (SInv)


Message History

The orc priest is lightly wounded.
The orc hits you but does no damage. You block the orc priest's attack.
The orc hits you but does no damage. The orc hits you with a +0 short sword.
The orc hits you but does no damage. You block the orc priest's attack.
You barely miss the orc priest.
The orc priest is lightly wounded.
The orc hits you but does no damage. You block the orc's attack.
The orc hits you.
* * * LOW HITPOINT WARNING * * *
The orc priest miscasts a cantrip.
The orc hits you with a +0 short sword.
* * * LOW HITPOINT WARNING * * *
Your scale mail prevents you from hitting the orc priest.
The orc priest is lightly wounded.
The orc hits you with a +0 short sword.
* * * LOW HITPOINT WARNING * * *
The orc hits you but does no damage.
The orc priest hits you but does no damage.
You block the orc's attack. The orc hits you with a +0 short sword.
You die...

#.....##### #.#...##..
#......... #.........
#.........
##########.........
#.....(........<...
#.#o.........#....#..
#.Bo@o.$.....#.......
......o...........##.###
.#.#####..###.†.####.##
.........#....)†(#
..##.######.#......> ..
..# #.#.....## # ..##
#.#......# ..#
#......... .....#....


You could see an orc priest, 3 orcs and a giant cockroach.

Vanquished Creatures
  Natasha (twice) (D:2)
  2 adders
  An ooze (D:2)
  4 worms (D:2)
  A dart slug (D:2)
  3 orcs (D:3)
  5 bats
  2 giant cockroaches
  5 goblins
  4 hobgoblins
  4 jackals (D:1)
  A quokka (D:3)
  A frilled lizard (D:2)
  8 kobolds
  8 rats
51 creatures vanquished.

Notes
Turn   | Place    | Note
-------+----------+-------------------------------------------
     0 | D:1      | nothank2 the Formicid Fighter began the quest for the Orb.
     0 | D:1      | Reached XP level 1. HP: 18/18 MP: 1/1
    99 | D:1      | Reached XP level 2. HP: 24/24 MP: 2/2
   384 | D:1      | Reached XP level 3. HP: 24/29 MP: 3/3
  1471 | D:2      | Reached XP level 4. HP: 34/37 MP: 4/4
  1515 | D:2      | Noticed Natasha
  1525 | D:2      | Killed Natasha
  1628 | D:2      | Found an opulent altar of Gozag.
  1646 | D:2      | Found a sparkling altar of Nemelex Xobeh.
  1651 | D:2      | Found a glowing silver altar of Zin.
  1895 | D:2      | Noticed Natasha
  1903 | D:2      | Killed Natasha
  1904 | D:2      | Reached XP level 5. HP: 37/43 MP: 5/5
  2375 | D:3      | Slain by an orc

Illustrated notes

Levels and vault maps discovered:
D:1:      dpeg_arrival_pits, layout_loops_ring, minmay_misc_feat_room
D:2:      layout_loops_corners, minmay_overflow_temple_star_quad, hex_large,
          uniq_natasha
D:3:      layout_rooms

Skill      XL: |  1  2  3  4 |
---------------+-------------+-----
Long Blades    | 3 4 |  4.4
Fighting       | 4 |  4.4
Armour         | |  3.3
Shields        | |  3.6

Action                   |  1- 3 |  4- 6 || total
-------------------------+-------+-------++-------
Melee: Long sword        |    87 |    75 ||   162
Throw: Dart              |     5 |       ||     5
 Abil: Dig               |     2 |       ||     2
Armor: Scale mail        |    41 |    32 ||    73
Dodge: Dodged            |    25 |    26 ||    51
Block: Kite shield       |    51 |    45 ||    96
       Rpst.: Long sword |    10 |     8 ||    18
